 Dungeon Crawl Stone Soup version 0.27.0-1-g7a089689b8 (webtiles) character file.

Game seed: 12125355058043098530

237 ABBCCCDDDD the Chopper (level 5, -1/42 HPs)
             Began as a Demonspawn Gladiator on Aug 7, 2021.
             Succumbed to an orc wizard's poison
             ... on level 4 of the Dungeon.
             The game lasted 00:13:11 (5699 turns).

ABBCCCDDDD the Chopper (Demonspawn Gladiator)       Turns: 5699, Time: 00:13:12

Health: -1/42      AC: 10    Str: 15    XL:     5   Next: 77%
Magic:  5/5        EV: 12    Int:  9    God:
Gold:   154        SH:  0    Dex: 15    Spells: 4/4 levels left

rFire    . . .     SeeInvis +   a - +0 war axe
rCold    . . .     Faith    .   (no shield)
rNeg     . . .     Spirit   .   b - +0 leather armour
rPois    .         Reflect  .   c - +0 helmet
rElec    .         Harm     .   (no cloak)
rCorr    .         Rampage  .   (no gloves)
Will     .....                  (no boots)
Stlth    +.........             (no amulet)
HPRegen  0.14/turn              g - ring of see invisible
MPRegen  0.09/turn              (no ring)

@: lethally poisoned (-1 -> -27), about to teleport, sanguine armoured
A: powered by pain 1, sanguine armour 1
a: no special abilities


You were on level 4 of the Dungeon.
You visited 1 branch of the dungeon, and saw 4 of its levels.

You collected 154 gold pieces.

Inventory:

Hand Weapons
 a - a +0 war axe (weapon)
Missiles
 d - 2 throwing nets
 e - 13 poisoned darts (quivered)
Armour
 b - a +0 leather armour (worn)
 c - a +0 helmet (worn)
 f - a +0 plate armour
Jewellery
 g - a ring of see invisible (left hand)
 h - a ring of flight
Scrolls
 i - 2 scrolls of vulnerability
 l - a scroll of teleportation
 m - a scroll of enchant armour
 o - a scroll of blinking {unknown}
 q - a scroll of fog {unknown}
 r - 2 scrolls of silence {unknown}
Potions
 p - a potion of haste


   Skills:
 + Level 3.7 Fighting
 * Level 5.1 Axes
 - Level 1.7 Throwing
 - Level 2.6 Dodging


You had 4 spell levels left.
You didn't know any spells.
Your spell library contained the following spells:

 Spells                   Type           Power      Damage    Failure   Level
 Magic Dart               Conj           0%         1d3       45%         1
 Searing Ray              Conj           0%         3d3       58%         2
 Fulminant Prism          Conj/Hex       0%         3d6       99%         4


Dungeon Overview and Level Annotations

Branches:
Dungeon (4/15)
 Temple: D:4-7

Altars:
Cheibriados

Shops:
D:3 [


Innate Abilities, Weirdness & Mutations

You sometimes gain a little power by taking damage.
When seriously injured, your bleeding wounds create armour. (AC +6)


Message History

You closely miss the orc wizard. You slash the orc!
You kill the orc!
You feel sick.
The orc wizard hits you with a +2 dagger of venom.
You are more poisoned.
You hit the orc wizard.
The orc wizard is lightly wounded.
Your blood congeals into armour.
You feel very sick. The orc wizard closely misses you.
The orc wizard gestures at you while chanting.
The puff of flame misses you.
You barely miss the orc wizard.
The orc wizard is lightly wounded.
You feel very sick. The orc wizard closely misses you.
Throw: 14 darts (poison)
Press: ? - help, Q - select action, (/) - cycle Shift-Dir - straight line, f - orc wizard
Aim: an orc wizard, wielding a +2 dagger of venom and wearing a +0 robe (lightly wounded, 51% to hit)
You throw a poisoned dart.
The poisoned dart closely misses the orc wizard.
You feel sick.
The orc wizard hits you with a +2 dagger of venom.
You are lethally poisoned!
Okay, then.
As you read the scroll of teleportation, it crumbles to dust.
You feel strangely unstable.
* * * LOW HITPOINT WARNING * * *
You feel very sick.
The orc wizard hits you but does no damage.
Unknown command.
You hit the orc wizard.
The orc wizard is lightly wounded.
* * * LOW HITPOINT WARNING * * *
You feel very sick.
The orc wizard hits you but does no damage.
You are more poisoned.
You closely miss the orc wizard.
The orc wizard is lightly wounded.
You die...

... #..........###
..### #...........#
....###...........#
.................###
...................###
...(.##..............#
......#.............#
..)..##........)...##
[<####...(.....o@..#
(.##...............#
..##o.............##
..#.......#......##
.....?....##......##
...###....#........#
..####....#...#...##
### #....##...##.##
#..###########


You could see an orc wizard.

Vanquished Creatures
  3 orc wizards (D:4)
  A howler monkey zombie (D:4)
  4 gnolls (D:3)
  2 adders (D:2)
  An adder skeleton (D:2)
  3 worms
  5 orcs
  5 endoplasms
  2 giant cockroaches
  7 hobgoblins
  8 jackals
  7 kobolds
  4 quokkas
  5 ball pythons
  7 bats
  10 frilled lizards
  4 goblins
  2 rats (D:1)
80 creatures vanquished.

Vanquished Creatures (others)
  4 plants (D:1)
4 creatures vanquished.

Grand Total: 84 creatures vanquished

Notes
Turn   | Place    | Note
-------+----------+-------------------------------------------
     0 | D:1      | ABBCCCDDDD the Demonspawn Gladiator began the quest for the
                  | Orb.
     0 | D:1      | Reached XP level 1. HP: 16/16 MP: 1/1
   168 | D:1      | Found a faded altar of an unknown god.
   325 | D:1      | Reached skill level 3 in Axes
   457 | D:1      | Gained mutation: When seriously injured, your bleeding
                  | wounds create armour. (AC +6) [demonic ancestry]
   457 | D:1      | Reached XP level 2. HP: 15/22 MP: 2/2
  1649 | D:2      | Gained mutation: You sometimes gain a little power by
                  | taking damage. [demonic ancestry]
  1649 | D:2      | Reached XP level 3. HP: 23/28 MP: 3/3
  2337 | D:2      | Reached skill level 4 in Axes
  2337 | D:2      | Reached XP level 4. HP: 33/34 MP: 4/4
  4059 | D:3      | Found Caistrecw's Antique Armour Emporium.
  4437 | D:3      | Found a snail-covered altar of Cheibriados.
  5058 | D:4      | Reached XP level 5. HP: 33/41 MP: 5/5
  5161 | D:4      | Reached skill level 5 in Axes
  5699 | D:4      | Succumbed to an orc wizard's poison

Illustrated notes

Levels and vault maps discovered:
D:1:      psy_arrival_whirlpool, layout_rooms,
          hellmonk_ecumenical_altar_zigzags, serial_bayou_pond_c,
          grunt_decor_fettered
D:2:      layout_basic
D:3:      layout_basic, mainiacjoe_overflow_24_doors, serial_shops,
          nicolae_diamond_shop
D:4:      layout_cave_pools

Skill      XL: |  1  2  3  4  5 |
---------------+----------------+-----
Axes           | 3 4 5 |  5.1
Fighting       | 3 |  3.7
Throwing       | |  1.7
Dodging        | |  2.6

Action                   |  1- 3 |  4- 6 || total
-------------------------+-------+-------++-------
Melee: War axe           |   135 |   149 ||   284
Throw: Dart              |    30 |    33 ||    63
       Throwing net      |     1 |       ||     1
  Use: Scroll            |       |     7 ||     7
       Potion            |       |     3 ||     3
Armor: Leather armour    |    41 |    63 ||   104
       Plate armour      |    10 |       ||    10
Dodge: Dodged            |    99 |   110 ||   209
